 Dungeon Crawl Stone Soup version 0.30-a0-953-g5f1da4a474 (webtiles) character file.

Game seed: 12072308069135225518

150 PimpSugar the Magician (level 5, -7/37 HPs)
             Began as a Demonspawn Hedge Wizard on Mar 28, 2023.
             Killed by an exploding kobold (24 damage)
             ... ignited by their inner flame
             ... in a sewer.
             The game lasted 00:14:15 (3655 turns).

PimpSugar the Magician (Demonspawn Hedge Wizard)    Turns: 3655, Time: 00:14:18

Health: -7/37      AC:  2    Str: 10    XL:     5   Next: 10%
Magic:  10/10      EV: 12    Int: 23    God:
Gold:   152        SH:  0    Dex: 13    Spells: 2/11 levels left

rFire   . . .      SeeInvis .    p - staff of conjuration
rCold   . . .      Faith    .    (no shield)
rNeg    . . .      Spirit   .    b - +0 robe
rPois   .          Reflect  .    c - +0 hat
rElec   .          Rampage  .    (no cloak)
rCorr   .                        (no gloves)
Will    +....                    (no boots)
Stlth   ++                       (no amulet)
HPRegen 3.26/turn                o - +6 ring of intelligence
MPRegen 0.12/turn                r - ring of willpower

@: lethally poisoned (-7 -> -8)
A: powered by death 2, weakness stinger 1, demonic touch 1
a: no special abilities


You were in a sewer.
You visited 1 branch of the dungeon, and saw 4 of its levels.
You also visited: Sewer.

You collected 152 gold pieces.

Inventory:

Hand Weapons
 a - a +0 dagger
 u - the +6 mace of the Nine Things {chaos, Drain Str+8 Int+6 Dex-5}
   (You found it on level 3 of the Dungeon)

   Str:       It affects your strength (+8).
   Int:       It affects your intelligence (+6).
   Dex:       It affects your dexterity (-5).
   Drain:     It drains your maximum health when unequipped.
Missiles
 k - 24 stones
Armour
 b - a +0 robe (worn)
 c - a +0 hat (worn)
Magical Staves
 p - a staff of conjuration (weapon)
Jewellery
 o - a +6 ring of intelligence (left hand)
 r - a ring of willpower (right hand)
Scrolls
 f - a scroll of vulnerability
 s - a scroll of teleportation
Potions
 d - a potion of magic
 e - 2 potions of mutation
 g - 2 potions of degeneration
 l - a potion of flight
 t - a potion of heal wounds {unknown}


   Skills:
 + Level 1.0 Fighting
 + Level 0.1 Staves
 + Level 2.3 Dodging
 + Level 2.2 Stealth
 * Level 3.6 Spellcasting
 * Level 2.3 Conjurations
 + Level 1.0 Hexes
 + Level 1.4 Summonings
 + Level 1.5 Translocations
 + Level 0.6 Evocations


You had 2 spell levels left.
You knew the following spells:

 Your Spells              Type           Power      Damage    Failure   Level
a - Magic Dart            Conj           88%        1d7       4%          1
b - Call Imp              Summ           10%        N/A       9%          2
c - Poisonous Vapours     Pois/Air       8%         N/A       17%         2
d - Slow                  Hex            36%        N/A       7%          1
f - Inner Flame           Hex/Fire       6%         N/A       26%         3

Your spell library contained the following spells:

 Spells                   Type           Power      Damage    Failure   Level
 Blink                    Tloc           22%        N/A       9%          2
 Sting                    Tmut/Pois      16%        1d3       11%         1
 Cigotuvi's Dreadful Rot  Necr/Pois/Air  8%         N/A       17%         2
 Sublimation of Blood     Necr           4%         N/A       17%         2
 Mephitic Cloud           Conj/Pois/Air  11%        N/A       24%         3
 Cause Fear               Hex            4%         N/A       56%         4
 Olgreb's Toxic Radiance  Pois           4%         N/A       73%         4
 Petrify                  Tmut/Erth      4%         N/A       73%         4
 Irradiate                Conj/Tmut      7%         3d14      88%         5
 Discord                  Hex            4%         N/A       100%        8


Dungeon Overview and Level Annotations

Branches:
Dungeon (4/15)              Sewer (1/1)
 Temple: D:4-7

Altars:
Yredelemnul

Shops:
D:2 (


Innate Abilities, Weirdness & Mutations

You regenerate health from kills.
You have a small tail.
Your touch may inflict minor irresistible damage on your foes.


Message History

The kobold hits you with a +2 short sword of venom.
You are lethally poisoned!
The kobold hits you with a +0 whip. The kobold barely misses you.
Are you sure you want to stumble around while confused and next to your crimson imp? [Y]es or [N]o only, please.
Are you sure you want to stumble around while confused and next to your crimson imp? [Y]es or [N]o only, please.
Are you sure you want to stumble around while confused and next to your crimson imp? [Y]es or [N]o only, please.
Are you sure you want to stumble around while confused and next to your crimson imp? [Y]es or [N]o only, please.
Are you sure you want to stumble around while confused and next to your crimson imp?
You hit the kobold but do no damage.
You feel very sick.
Your crimson imp barely misses the kobold.
The kobold hits you with a +2 short sword of venom.
* * * LOW HITPOINT WARNING * * *
You are more poisoned.
The kobold closely misses you. x2; The kobold barely misses you.
It was a potion of curing.
You feel better.
You feel less invigorated.
Your crimson imp blinks!
The kobold barely misses you. x2; The kobold closely misses you.
The kobold hits you with a +0 dagger.
You closely miss the kobold.
Your tail-slap misses the kobold.
The kobold barely misses you. The kobold hits you but does no damage.
You are poisoned.
The kobold barely misses you. The kobold hits you with a +0 dagger.
You hit the kobold but do no damage. You tail-slap the kobold.
The kobold explodes!
The fiery explosion engulfs the kobold!!
You kill the kobold!
The fiery explosion engulfs your crimson imp.
Your crimson imp completely resists.
The fiery explosion engulfs the kobold!!!
You kill the kobold!
The fiery explosion engulfs the kobold!!
You kill the kobold!
The fiery explosion engulfs you!!
Ouch! That really hurt!
You die...

#......#~≈~~P.
#.P....#~≈~~~~
#......#~≈~~~
#......#~≈~#
#....~~#~~~#
#...~P#~≈~#
##...P~~~≈~#
#....~~~~≈~#
###.§@§#~≈~#
#.§§§#~≈~#
##5§##~~~#
#.!..#~≈~#
#....#~≈~#
#..∩.#~≈~#
#.!.!#~≈~#
######~≈~#
#...'~~~#


You could see a friendly crimson imp (summoned).

Vanquished Creatures
  5 adders
  A river rat (D:4)
  2 worms
  3 dart slugs
  6 ball pythons (D:1)
  3 endoplasms
  3 giant cockroaches
  5 goblins
  4 hobgoblins
  3 quokkas
  2 bats
  3 frilled lizards
  8 kobolds
  6 rats
  A spectral orc (D:3)
55 creatures vanquished.

Vanquished Creatures (collateral kills)
  2 adders
  2 worms
  A giant cockroach (D:4)
  3 jackals (D:3)
  A ball python (D:3)
  2 kobolds
  4 rats
15 creatures vanquished.

Grand Total: 70 creatures vanquished

Notes
Turn   | Place    | Note
-------+----------+-------------------------------------------
     0 | D:1      | PimpSugar the Demonspawn Hedge Wizard began the quest for
                  | the Orb.
     0 | D:1      | Reached XP level 1. HP: 13/13 MP: 4/4
   139 | D:1      | Reached skill level 1 in Translocations
   204 | D:1      | Discovered your monstrous ancestry.
   204 | D:1      | Gained mutation: You have a small tail. [demonic ancestry]
   204 | D:1      | Reached XP level 2. HP: 19/19 MP: 4/6
   261 | D:1      | Learned a level 2 spell: Call Imp
   340 | D:1      | Learned a level 1 spell: Slow
   985 | D:1      | Gained mutation: You regenerate a little health from kills.
                  | [demonic ancestry]
   985 | D:1      | Reached XP level 3. HP: 23/25 MP: 0/7
  1476 | D:2      | Found a faded altar of an unknown god.
  1601 | D:2      | Found Esuad's Antique Weapon Shop.
  2080 | D:2      | Gained mutation: Your touch may inflict minor irresistible
                  | damage on your foes. [demonic ancestry]
  2080 | D:2      | Reached XP level 4. HP: 29/31 MP: 2/9
  2990 | D:3      | Identified the +6 mace of the Nine Things {chaos, Drain
                  | Str+8 Int+6 Dex-5}
  3065 | D:3      | Found a basalt altar of Yredelemnul.
  3067 | D:3      | Reached skill level 1 in Fighting
  3411 | D:4      | Reached skill level 1 in Hexes
  3434 | D:4      | Gained mutation: You regenerate health from kills. [demonic
                  | ancestry]
  3434 | D:4      | Reached XP level 5. HP: 27/37 MP: 7/10
  3462 | D:4      | Found a glowing drain.
  3473 | Sewer    | Entered a sewer
  3625 | Sewer    | Learned a level 2 spell: Poisonous Vapours
  3629 | Sewer    | Learned a level 3 spell: Inner Flame
  3655 | Sewer    | Killed by an exploding kobold... ignited by their inner
                  | flame

Illustrated notes

Levels and vault maps discovered:
D:1:      lemuel_arrival_river_ford, layout_loops_ring, minmay_misc_feat_pillars
D:2:      layout_loops_ring, chequers_ecumenical_altar_island, serial_shops,
          shop, chequers_garden, minivault_19
D:3:      layout_basic, yredelemnul_forgotten_temple_becter, grunt_ministairs_3
D:4:      layout_rooms, minmay_temple_entry_poolview, gup_sewer_entry_bubbles,
          uniq_pargi
Sewer:    kennysheep_pipe_town

Skill      XL: |  1  2  3  4 |
---------------+-------------+-----
Translocations | 1 |  1.5
Stealth        | 2 |  2.2
Dodging        | 2 |  2.3
Conjurations   | 2 |  2.3
Fighting       | 1 |  1.0
Hexes          | 1 |  1.0
Staves         | |  0.1
Spellcasting   | |  3.6
Summonings     | |  1.4
Evocations     | |  0.6

Action                     |  1- 3 |  4- 6 || total
---------------------------+-------+-------++-------
  Melee: Dagger            |    68 |       ||    68
         Tailslap          |    10 |     4 ||    14
         Staff             |     8 |    34 ||    42
         Touch             |       |     2 ||     2
   Cast: Magic Dart        |    56 |    32 ||    88
         Slow              |     6 |     3 ||     9
         Call Imp          |    11 |    10 ||    21
         Inner Flame       |       |     1 ||     1
         Poisonous Vapours |       |     1 ||     1
    Use: Scroll            |       |     9 ||     9
         Potion            |       |     2 ||     2
   Stab: Sleeping          |     1 |       ||     1
         Distracted        |       |     1 ||     1
 Armour: Robe              |    18 |    11 ||    29
  Dodge: Dodged            |    51 |    31 ||    82

Table legend: (Time is in decaauts)
 A = Elapsed time spent in this place.
 B = Non-inter-level travel time spent in this place.
 C = Inter-level travel time spent in this place.
 D = Time resting spent in this place.
 E = Time spent auto-exploring this place.
 F = Levels seen in this place.
 G = Mean time per level.
                   A        B        C        D        E       F      G
               +--------+--------+--------+--------+--------+-----+--------+
         Total |   3718 |   3494 |    224 |    475 |   2011 |   5 |  743.6 |
       Dungeon |   3528 |   3304 |    224 |    330 |   2011 |   4 |  882.0 |
         Sewer |    190 |    190 |      0 |    145 |      0 |   1 |  190.0 |
               +--------+--------+--------+--------+--------+-----+--------+

Top non-repeatable levels by time:
     D:1: 1487 daAuts
     D:2: 1013 daAuts
     D:3: 919 daAuts
   Sewer: 190 daAuts
     D:4: 108 daAuts
